 Dungeon Crawl Stone Soup version 0.24.0-1-gfbc8707 (webtiles) character file.

Game seed: 3736265961869315310, levelgen mode: deterministic

10041 Vixiris the Grappler (level 11, -3/160 HPs)
             Began as a Troll Skald on Nov 10, 2019.
             Was an Elder of Wu Jian.
             Slain by a black mamba (6 damage)
             ... on level 2 of the Lair of Beasts.
             The game lasted 01:28:50 (9857 turns).

Vixiris the Grappler (Troll Skald)                  Turns: 9857, Time: 01:28:51

Health: -3/160     AC: 25    Str: 22    XL:     11   Next: 31%
Magic:  14/17      EV:  1    Int:  9    God:    Wu Jian [****..]
Gold:   457        SH:  0    Dex: 11    Spells: 15/20 levels left

rFire    . . .     SeeInvis +     - Unarmed
rCold    . . .     Gourm    +   (no shield)
rNeg     + + +     Faith    .   (armour currently unavailable)
rPois    +         Spirit   .   (helmet currently unavailable)
rElec    .         Reflect  .   (cloak currently unavailable)
rCorr    .         Harm     .   (gloves unavailable)
MR       .....     NoTele   +   (boots unavailable)
Stlth    +.........             (no amulet)
HPRegen  1.76/turn              i - ring of see invisible
MPRegen  0.15/turn              u - +5 ring of evasion

@: lethally poisoned (-3 -> -3), tree-form, regenerating (expiring)
A: large, unfitting armour, fast metabolism 3, gourmand, regeneration 1
a: Wall Jump, Serpent's Lash, Renounce Religion


You were on level 2 of the Lair of Beasts.
You worshipped Wu Jian.
Wu Jian was greatly pleased with you.
You were completely stuffed.
You were a tree.
You visited 3 branches of the dungeon, and saw 12 of its levels.

You collected 703 gold pieces.
You spent 246 gold pieces at shops.

Inventory:

Hand Weapons
 w - a +4 quarterstaff of chaos
 L - a +3 falchion of freezing
 N - a +0 vampiric rapier
Missiles
 p - 6 boomerangs (quivered)
 y - 9 atropa-tipped darts
Armour
 z - a +0 cloak (melded)
 P - a +0 robe (melded)
Jewellery
 i - a ring of see invisible (left branch)
 u - a +5 ring of evasion (right branch)
Wands
 o - a wand of flame (13)
 v - a wand of polymorph (2)
 I - a wand of iceblast (13)
 M - a wand of paralysis (6)
Scrolls
 b - 2 scrolls of fog
 d - 5 scrolls of teleportation
 f - 7 scrolls of identify
 j - 4 scrolls of amnesia
 k - 7 scrolls of remove curse
 q - 2 scrolls of fear
 t - a scroll of noise {unknown}
 A - 2 scrolls of enchant weapon
 C - a scroll of silence {unknown}
 E - 6 scrolls of enchant armour
 F - a scroll of random uselessness {unknown}
 G - a scroll of blinking {unknown}
 K - 3 scrolls of magic mapping
Potions
 e - 2 potions of lignification
 g - a potion of ambrosia {unknown}
 l - a potion of brilliance {unknown}
 m - 5 potions of curing
 n - a potion of haste {unknown}
 r - a potion of flight {unknown}
 s - a potion of berserk rage {unknown}
 x - a potion of cancellation {unknown}
 B - a potion of might {unknown}
 D - a potion of degeneration {unknown}
 H - a potion of resistance {unknown}
 O - a potion of mutation {unknown}
Comestibles
 c - 10 rations


   Skills:
 + Level 6.9 Fighting
 + Level 7.0 Dodging
 + Level 8.3 Unarmed Combat
 + Level 5.2 Spellcasting
 + Level 6.0 Charms


You had 15 spell levels left.
You knew the following spells:

 Your Spells              Type           Power        Failure   Level  Hunger
a - Infusion              Chrm           ##..         1%          1    #......
b - Corona                Hex            #......      24%         1    #......
c - Regeneration          Chrm/Necr      #.........   22%         3    ###....

Your spell library contained the following spells:

 Spells                   Type           Power        Failure   Level  Hunger
 Song of Slaying          Chrm           ##......     3%          2    ##.....
 Shroud of Golubria       Chrm/Tloc      #.....       11%         2    ##.....
 Spectral Weapon          Hex/Chrm       #.......     22%         3    ###....
 Magic Dart               Conj           #...         24%         1    #......
 Sandblast                Erth           #.....       24%         1    #......
 Blink                    Tloc           N/A          36%         2    ##.....
 Call Imp                 Summ           #.......     36%         2    ##.....
 Passwall                 Tmut/Erth      #.......     36%         2    ##.....
 Slow                     Hex            #.......     36%         2    ##.....
 Conjure Flame            Conj/Fire      #.......     58%         3    ###....
 Inner Flame              Hex/Fire       #.......     58%         3    ###....
 Mephitic Cloud           Conj/Pois/Air  #.......     58%         3    ###....
 Portal Projectile        Hex/Tloc       #.....       58%         3    ###....
 Stone Arrow              Conj/Erth      #.....       58%         3    ###....
 Cause Fear               Hex            #.........   94%         4    #####..
 Leda's Liquefaction      Hex/Erth       #.........   94%         4    #####..
 Petrify                  Tmut/Erth      #.......     94%         4    #####..
 Lee's Rapid Deconstruct  Erth           #.........   100%        5    ######.


Dungeon Overview and Level Annotations

Branches:
Dungeon (8/15)             Temple (0/1) D:7            Lair (3/6) D:8
 Shoals (0/4) Lair:3       Spider (1/4) Lair:2

Altars:
Cheibriados
Hepliaklqana
Kikubaaqudgha
Ru
Sif Muna
Wu Jian
Zin
The Shining One

Shops:
D:5 *   D:6 (   D:7 ?


Innate Abilities, Weirdness & Mutations

You are too large for most types of armour.
((You have claws for hands.))
Your metabolism is lightning-fast.
You like to eat raw meat.
Your natural rate of healing is unusually fast.
((You are covered in fur. (AC +1)))
((You have extremely tough skin. (AC +3)))


Message History

Confirm with . or Enter, or press ? or * to list all spells.
Your skin crawls.
The black mamba bites you but does no damage.
The black mamba bites you.
* * * LOW HITPOINT WARNING * * *
You hit the black mamba.
The black mamba is severely wounded.
The black mamba bites you but does no damage.
You completely miss the black mamba.
The black mamba is severely wounded.
The black mamba bites you but does no damage.
The black mamba bites you.
* * * LOW HITPOINT WARNING * * *
You are poisoned.
The black mamba poisons you!
You barely miss the black mamba.
The black mamba is severely wounded.
Your skin is crawling a little less now.
You feel sick. The black mamba bites you.
You die...

........#.P####.#
......^##.P.##..#
.>.....##.......##
...##..#.........#
....#............##
...###............#
...##.............#
..................#
#.#............S♣.#
#.................# ######
...#.....P........# ###.#..##
..##..............###.##....#
###................###......#
#.##............#..........##
#####.P..........P..........P#
#P##...............#........##
..#.........................##


You could see a black mamba.

Vanquished Creatures
  A two-headed ogre (D:8)
  Pikel (D:7)
  Psyche (D:8)
  A spiny frog (Lair:2)
  3 komodo dragons
  8 blink frogs (Lair:2)
  4 hippogriffs
  5 yaks (Lair:1)
  2 basilisks
  A hungry ghost (D:8)
  2 water moccasins
  Duvessa (D:5)
  2 porcupines (Lair:2)
  3 slaves (D:6)
  An ice beast (D:5)
  4 sky beasts
  An orc warrior (D:7)
  A black bear (D:7)
  2 phantoms (D:5)
  2 necrophages
  2 ogres
  3 centaurs
  3 crocodiles
  A big kobold (D:8)
  5 bullfrogs
  Dowan (D:5)
  5 scorpions
  A water moccasin skeleton (D:6)
  4 wights (D:8)
  4 crimson imps
  A bullfrog zombie (D:5)
  3 orc priests
  A jelly (D:8)
  Crazy Yiuf (D:6)
  5 hounds
  8 orc wizards
  A bullfrog skeleton (D:6)
  Ijyb (D:5)
  An iguana (D:8)
  7 worker ants
  A hound skeleton (D:3)
  8 gnolls (D:6)
  8 adders
  A howler monkey skeleton (D:4)
  2 river rats (D:5)
  3 shadow imps
  An adder zombie (D:8)
  An adder skeleton (D:5)
  2 dart slugs
  9 leopard geckos
  27 orcs
  3 ball pythons
  13 giant cockroaches
  7 goblins
  9 hobgoblins
  12 jackals
  7 quokkas
  10 bats
  2 frilled lizards
  7 kobolds
  3 leopard gecko skeletons
  2 quokka skeletons (D:4)
  A quokka zombie (D:5)
  7 rats
250 creatures vanquished.

Vanquished Creatures (others)
  A bush (D:6)
1 creature vanquished.

Grand Total: 251 creatures vanquished

Notes
Turn   | Place    | Note
-------+----------+-------------------------------------------
     0 | D:1      | Vixiris the Troll Skald began the quest for the Orb.
     0 | D:1      | Reached XP level 1. HP: 19/19 MP: 1/1
   159 | D:1      | Reached XP level 2. HP: 27/28 MP: 3/3
   930 | D:2      | Reached XP level 3. HP: 35/35 MP: 4/4
  1524 | D:3      | Reached XP level 4. HP: 42/42 MP: 5/5
  1721 | D:3      | Reached XP level 5. HP: 39/50 MP: 6/6
  1908 | D:3      | Found an ornate altar of the Wu Jian Council.
  1916 | D:3      | Became a worshipper of the Wu Jian Council
  2211 | D:4      | Reached skill level 3 in Unarmed Combat
  2332 | D:4      | Reached XP level 6. HP: 51/59 MP: 8/8
  2383 | D:4      | Found a hazy altar of Hepliaklqana.
  2666 | D:5      | Entered Level 5 of the Dungeon
  2666 | D:5      | Noticed Ijyb
  2675 | D:5      | Killed Ijyb
  2825 | D:5      | Reached * piety under Wu Jian
  2825 | D:5      | Reached XP level 7. HP: 66/67 MP: 9/9
  2856 | D:5      | Noticed Duvessa
  2874 | D:5      | Killed Duvessa
  2881 | D:5      | Noticed Dowan
  3042 | D:5      | Killed Dowan
  3042 | D:5      | Reached skill level 4 in Unarmed Combat
  3131 | D:5      | Found a glowing drain.
  3190 | D:5      | Reached XP level 8. HP: 69/78 MP: 11/11
  3198 | D:5      | Found Zin's Purification Station.
  3198 | D:5      | Found a glowing silver altar of Zin.
  3291 | D:5      | Found a shimmering blue altar of Sif Muna.
  4234 | D:6      | Reached ** piety under Wu Jian
  4234 | D:6      | Reached skill level 5 in Unarmed Combat
  4435 | D:6      | Found a snail-covered altar of Cheibriados.
  4461 | D:6      | Found Mocygiro's Antique Weapon Emporium.
  4615 | D:6      | Found a runed translucent door.
  4616 | D:6      | Noticed Crazy Yiuf
  4629 | D:6      | Killed Crazy Yiuf
  5155 | D:7      | Reached XP level 9. HP: 85/85 MP: 13/13
  5160 | D:7      | Noticed Pikel
  5231 | D:7      | Killed Pikel
  5231 | D:7      | Reached skill level 5 in Dodging
  5364 | D:7      | Found Neivouq's Magic Scroll Emporium.
  5375 | D:7      | Bought a scroll of enchant weapon for 97 gold pieces
  5375 | D:7      | Bought a scroll of enchant weapon for 97 gold pieces
  5375 | D:7      | Bought a scroll of identify for 26 gold pieces
  5375 | D:7      | Bought a scroll of identify for 26 gold pieces
  5390 | D:7      | Found a staircase to the Ecumenical Temple.
  5417 | D:7      | Reached skill level 5 in Fighting
  5417 | D:7      | Reached skill level 6 in Unarmed Combat
  5607 | D:7      | Learned a level 1 spell: Corona
  5611 | D:7      | Learned a level 3 spell: Regeneration
  5668 | D:7      | Reached *** piety under Wu Jian
  6017 | D:8      | Found a staircase to the Lair.
  6108 | D:8      | Found a glowing golden altar of the Shining One.
  6135 | D:8      | Noticed a two-headed ogre
  6249 | D:8      | Killed a two-headed ogre
  6249 | D:8      | Reached XP level 10. HP: 58/95 MP: 15/15
  6380 | D:8      | Found an ancient bone altar of Kikubaaqudgha.
  6543 | D:8      | Found Jiejar's Weapon Boutique.
  6677 | D:8      | Reached skill level 5 in Charms
  6847 | D:8      | Reached skill level 7 in Unarmed Combat
  6945 | D:8      | Noticed Psyche
  6974 | D:8      | Killed Psyche
  7115 | D:8      | Found a sacrificial altar of Ru.
  7164 | Lair:1   | Entered Level 1 of the Lair of Beasts
  8265 | Lair:2   | Reached **** piety under Wu Jian
  8509 | Lair:2   | Reached skill level 8 in Unarmed Combat
  8509 | Lair:2   | Reached XP level 11. HP: 98/105 MP: 17/17
  8523 | Lair:2   | Reached skill level 5 in Spellcasting
  9428 | Lair:2   | Found a hole to the Spider Nest.
  9624 | Spider:1 | Entered Level 1 of the Spider Nest
  9624 | Spider:1 | Noticed an orb spider
  9800 | Lair:3   | Found a staircase to the Shoals.
  9801 | Lair:3   | Noticed a four-headed hydra
  9850 | Lair:2   | HP: 4/107 [black mamba (6)]
  9851 | Lair:2   | HP: 1/107 [poisoned by a black mamba]
  9856 | Lair:2   | HP: 3/160 [black mamba (1)]
  9857 | Lair:2   | Slain by a black mamba

Levels and vault maps discovered:
D:1:      minmay_arrival_loop, layout_basic
D:2:      layout_rooms
D:3:      layout_rooms, marbit_many_paths, first_ration
D:4:      layout_rooms, lemuel_doored_altar
D:5:      layout_layer_cave, zin_purify, cheibrodos_sewer_entry_sluice,
          grunt_decor_clamped, minmay_misc_feat_tiny, minmay_ruined_shrine,
          uniq_duvessa, uniq_ijyb
D:6:      layout_basic, lemuel_crystal_altar, serial_shops, shop,
          kb_lookout_dungeons_type, uniq_crazy_yiuf_cottage
D:7:      layout_basic, temple_green, serial_shops, shop,
          hangedman_decor_opposing, uniq_pikel
D:8:      layout_basic, lemuel_coloured_pillars_altar, kiku_gazebo_pond_becter,
          kennysheep_mini, lair_entry_dummy, serial_shops,
          kennysheep_little_box, uniq_psyche
Lair:1:   layout_loops_ring, enter_volcano_2, chequers_serial_rivers_micro_b
Lair:2:   layout_cave_pods, nicolae_spider_entry_non_spiders, st_stairs_9,
          chequers_serial_rivers_room_a, grunt_megastairs_1, lemuel_fruit_fields
Lair:3:   layout_cave_pods, shoals_dummy_entry
Spider:1: layout_spider_delve

Skill      XL: |  1  2  3  4  5  6  7  8  9 10 11 |
---------------+----------------------------------+-----
Dodging        | 2 3 4 5 6 7 |  7.0
Fighting       | 2 3 4 5 6 |  6.9
Unarmed Combat | 3 4 5 6 8 |  8.3
Spellcasting   | 2 3 4 5 |  5.2
Charms         | 3 4 5 6 |  6.0

Action                   |  1- 3 |  4- 6 |  7- 9 | 10-12 || total
-------------------------+-------+-------+-------+-------++-------
Melee: Unarmed           |   133 |   207 |   403 |   323 ||  1066
       Punch             |       |     2 |    15 |    12 ||    29
Throw: Boomerang         |       |       |    11 |       ||    11
 Cast: Corona            |       |       |     1 |       ||     1
       Regeneration      |       |       |       |     2 ||     2
Invok: Lunge             |       |     2 |     8 |     3 ||    13
       Whirlwind         |       |       |     5 |     7 ||    12
       Serpent's Lash    |       |       |       |     2 ||     2
Evoke: Wand              |       |       |       |    10 ||    10
  Use: Scroll            |       |       |     7 |     2 ||     9
       Potion            |       |       |       |     3 ||     3
 Stab: Sleeping          |       |     1 |       |     2 ||     3
  Eat: Chunk             |    19 |    13 |    31 |    34 ||    97
       Ration            |       |       |       |     3 ||     3
Armor: Robe              |    49 |    71 |    72 |    46 ||   238
       Skin              |       |       |       |     6 ||     6
Dodge: Dodged            |    74 |    93 |   262 |   193 ||   622
